 Dungeon Crawl Stone Soup version 0.29.0-4-gdea44cf6ec (webtiles) character file.

Game seed: 13415245669222335107

350 qw the Chopper (level 6, -9/51 HPs)
             Began as a Ghoul Summoner on Sept 9, 2022.
             Shot with a bolt by an orc warrior (15 damage)
             ... on level 4 of the Dungeon.
             The game lasted 00:01:36 (3705 turns).

qw the Chopper (Ghoul Summoner)                     Turns: 3705, Time: 00:01:37

Health: -9/51      AC:  7    Str: 13 (14) XL:     6   Next: 60%
Magic:  7/7        EV:  9    Int:  8 (10) God:
Gold:   95         SH:  0    Dex:  9      Spells: 7/8 levels left

rFire   . . .      SeeInvis .   Y - +0 flail
rCold   + . .      Faith    .   (no shield)
rNeg    + + +      Spirit   .   h - +0 scale mail
rPois   inf        Reflect  .   (no helmet)
rElec   .          Harm     .   f - +0 cloak
rCorr   .          Rampage  .   (no gloves)
Will    .....                   (no boots)
Stlth   ..........              (no amulet)
HPRegen 0.00/turn               (no ring)
MPRegen 0.10/turn               (no ring)

@: inhibited regen
A: claws 1, cold resistance 1, negative energy resistance 3, inhibited
regeneration, torment resistance 2, devour on kill
a: no special abilities


You were on level 4 of the Dungeon.
You visited 1 branch of the dungeon, and saw 5 of its levels.

You collected 179 gold pieces.
You spent 84 gold pieces at shops.


Innate Abilities, Weirdness & Mutations

You are immune to poison.
You have sharp fingernails.
Your flesh is cold resistant. (rC+)
You are immune to negative energy. (rN+++)
You do not regenerate when monsters are visible.
You are immune to unholy pain and torment.
You thrive by killing the living.


   Skills:
 - Level 3.2 Fighting
 + Level 4.4 Axes
 - Level 1.9 Armour
 - Level 1.7 Dodging
 - Level 2.1 Stealth
 - Level 1.7 Spellcasting
 - Level 3.6 Summonings


You had 7 spell levels left.
You knew the following spells:

 Your Spells              Type           Power      Damage    Failure   Level
a - Summon Small Mammal   Summ           24%        N/A       36%         1

Your spell library contained the following spells:

 Spells                   Type           Power      Damage    Failure   Level
 Call Imp                 Summ           6%         N/A       52%         2
 Call Canine Familiar     Summ           6%         N/A       75%         3
 Summon Guardian Golem    Hex/Summ       3%         N/A       94%         3
 Summon Lightning Spire   Summ/Air       3%         N/A       100%        4

Inventory:

Hand Weapons
 Y - a +0 flail (weapon)
Armour
 f - a +0 cloak (worn)
 h - a +0 scale mail (worn)
Scrolls
 c - a scroll of identify
Potions
 e - a potion of cancellation {unknown}
 g - 7 potions of curing
 i - a potion of mutation {unknown}
 l - a potion of berserk rage {unknown}

Dungeon Overview and Level Annotations

Branches:
Dungeon (5/15)
 Temple: D:4-7

Altars:

Shops:
D:2 !

Annotations:
D:2 1 runed translucent door, Crazy Yiuf


Message History

The scorpion stings you.
You closely miss the scorpion.
The scorpion is severely wounded.
An orc wizard comes into view. It is wielding a +4 dagger.
The scorpion completely misses you.
An orc wizard comes into view. It is wielding a +0 dagger.
The orc wizard shouts! x2
You hit the scorpion.
The scorpion is severely wounded.
You hear a shout!
The scorpion stings you.
The orc wizard gestures wildly while chanting.
The orc wizard flickers and vanishes!
Deactivating autopickup; reactivate with Ctrl-A.
The scorpion stings you.
You closely miss the scorpion.
The scorpion is severely wounded.
The scorpion stings you.
You sock the scorpion!
You kill the scorpion!
You feel better.
You barely miss the orc warrior.
The orc warrior hits you with a +0 short sword!
3702 ||| DRINKING potion of heal wounds.
You feel much better. The orc warrior barely misses you.
You hit the orc warrior.
The orc warrior is lightly wounded.
The orc warrior hits you with a +0 short sword!
The goblin hits you but does no damage.
You hit the orc warrior.
The orc warrior is moderately wounded.
The orc warrior hits you with a +0 short sword!
The goblin barely misses you.
3705 ||| Stepping ~*~*~tactically~*~*~ (outnumbered).
The goblin attacks as you move away! The goblin hits you but does no damage.
The orc warrior unwields a +0 short sword.
The orc warrior wields a +0 arbalest.
The orc warrior shoots a bolt.
The bolt hits you!
You die...

..#
##..)..####.#...........#.#.#
..# #.....#
#.#.<.........#...# #.#
###..## #.#...#.####.###..#
#.######..#
#..).......#.###..#
#.........#
#.....#...........#
########.##
#...........####.#. #######.#
##.####.....# #.#. ##.......#
#.####....## #.#. )..#######
#@.o...#.## #... ####
###g####.. .## #...o....# .
#.......... . ......#.#.##
..#.#.##.# # ......#.# #
####.>... #.....


You could see an orc warrior, an orc wizard and a goblin.

Vanquished Creatures
  A scorpion (D:4)
  A necrophage (D:4)
  A hound (D:4)
  Natasha (thrice) (D:2)
  Ijyb (D:4)
  Terence (D:2)
  2 adders (D:2)
  4 worms
  2 dart slugs
  8 endoplasms
  3 giant cockroaches
  3 goblins
  3 hobgoblins
  2 quokkas
  A ball python (D:4)
  3 bats
  5 frilled lizards
  2 kobolds (D:2)
  5 rats
51 creatures vanquished.

Vanquished Creatures (collateral kills)
  An endoplasm (D:1)
  A goblin (D:1)
2 creatures vanquished.

Grand Total: 53 creatures vanquished

Notes
Turn   | Place    | Note
-------+----------+-------------------------------------------
     0 | D:1      | qw the Ghoul Summoner began the quest for the Orb.
     0 | D:1      | Reached XP level 1. HP: 14/14 MP: 2/2
     0 | D:1      | 0 ||| qw: Version: 0.1-a-113-g051387a
     0 | D:1      | 0 ||| qw: Game counter: 7351
     0 | D:1      | 0 ||| qw: Always use a shield: true
     0 | D:1      | 0 ||| qw: God list: Okawaru
     0 | D:1      | 0 ||| qw: Allow faded altars: false
     0 | D:1      | 0 ||| qw: Do Orc after D:15 true
     0 | D:1      | 0 ||| qw: Do second Lair branch before Depths: true
     0 | D:1      | 0 ||| qw: Lair rune preference: random
     0 | D:1      | 0 ||| qw: Plans: Normal
     0 | D:1      | 0 ||| PLANNING D:1-11
     4 | D:1      | 4 ||| Wielding weapon +0 dagger.
    63 | D:1      | 63 ||| CASTING Summon Small Mammal
    64 | D:1      | 64 ||| CASTING Summon Small Mammal
   267 | D:1      | Found a faded altar of an unknown god.
   301 | D:1      | 301 ||| CASTING Summon Small Mammal
   302 | D:1      | 302 ||| CASTING Summon Small Mammal
   314 | D:1      | 314 ||| CASTING Summon Small Mammal
   380 | D:1      | 380 ||| CASTING Summon Small Mammal
   381 | D:1      | 381 ||| CASTING Summon Small Mammal
   391 | D:1      | HP: 3/14 [dart slug/slug dart (2)]
   392 | D:1      | 392 ||| CASTING Summon Small Mammal
   395 | D:1      | Reached skill level 1 in Axes
   400 | D:1      | Reached XP level 2. HP: 7/22 MP: 0/3
   631 | D:1      | 631 ||| SWAPPING to +0 spear.
   632 | D:1      | 632 ||| DROPPING +0 dagger.
   647 | D:1      | 647 ||| CASTING Summon Small Mammal
   648 | D:1      | 648 ||| CASTING Summon Small Mammal
   649 | D:1      | 649 ||| CASTING Summon Small Mammal
   654 | D:1      | Reached skill level 1 in Fighting
   686 | D:1      | 686 ||| CASTING Summon Small Mammal
   687 | D:1      | 687 ||| CASTING Summon Small Mammal
   688 | D:1      | 688 ||| CASTING Summon Small Mammal
   698 | D:1      | 698 ||| CASTING Summon Small Mammal
   710 | D:1      | 710 ||| CASTING Summon Small Mammal
   819 | D:1      | 819 ||| CASTING Summon Small Mammal
   820 | D:1      | 820 ||| CASTING Summon Small Mammal
   821 | D:1      | 821 ||| CASTING Summon Small Mammal
  1232 | D:1      | 1232 ||| UPGRADING to +0 scale mail.
  1242 | D:1      | 1242 ||| DROPPING +0 robe.
  1243 | D:1      | 1243 ||| READING scroll labelled RIJESE IWUPHU.
  1244 | D:1      | 1244 ||| READING scroll labelled APYTAG SIQEO.
  1245 | D:1      | 1245 ||| READING scroll labelled GACAWO MUTEOSTREU.
  1246 | D:1      | 1246 ||| READING scroll labelled JEMPEU DOGAO.
  1250 | D:1      | 1250 ||| DRINKING 3 bubbling silvery potions.
  1251 | D:1      | 1251 ||| DROPPING potion of magic.
  1340 | D:2      | 1340 ||| Stepping ~*~*~tactically~*~*~ (reaching).
  1342 | D:2      | 1342 ||| Stepping ~*~*~tactically~*~*~ (reaching).
  1344 | D:2      | 1344 ||| Stepping ~*~*~tactically~*~*~ (reaching).
  1345 | D:2      | 1345 ||| Stepping ~*~*~tactically~*~*~ (reaching).
  1347 | D:2      | 1347 ||| Stepping ~*~*~tactically~*~*~ (reaching).
  1349 | D:2      | 1349 ||| Stepping ~*~*~tactically~*~*~ (reaching).
  1350 | D:2      | 1350 ||| Stepping ~*~*~tactically~*~*~ (reaching).
  1352 | D:2      | 1352 ||| Stepping ~*~*~tactically~*~*~ (reaching).
  1353 | D:2      | 1353 ||| Stepping ~*~*~tactically~*~*~ (reaching).
  1355 | D:2      | 1355 ||| Stepping ~*~*~tactically~*~*~ (reaching).
  1438 | D:2      | Reached skill level 2 in Axes
  1455 | D:2      | 1455 ||| Stepping ~*~*~tactically~*~*~ (reaching).
  1457 | D:2      | 1457 ||| Stepping ~*~*~tactically~*~*~ (reaching).
  1458 | D:2      | 1458 ||| Stepping ~*~*~tactically~*~*~ (reaching).
  1460 | D:2      | 1460 ||| Stepping ~*~*~tactically~*~*~ (reaching).
  1462 | D:2      | Reached XP level 3. HP: 28/28 MP: 4/4
  1473 | D:2      | Noticed Natasha
  1478 | D:2      | 1478 ||| Stepping ~*~*~tactically~*~*~ (outnumbered).
  1483 | D:2      | Killed Natasha
  1484 | D:2      | Reached XP level 4. HP: 25/37 MP: 5/5
  1512 | D:2      | 1512 ||| FLEEEEING.
  1516 | D:2      | 1516 ||| STAIRDANCE
  1676 | D:2      | Noticed Natasha
  1705 | D:2      | HP: 9/37 [Natasha (4)]
  1706 | D:2      | 1706 ||| READING 2 scrolls of teleportation.
  1707 | D:2      | Killed Natasha
  1709 | D:2      | 1709 ||| READING scroll of teleportation.
  1798 | D:2      | 1798 ||| Stepping ~*~*~tactically~*~*~ (stealth).
  1801 | D:2      | 1801 ||| Stepping ~*~*~tactically~*~*~ (stealth).
  1807 | D:2      | Noticed Natasha
  1820 | D:2      | Killed Natasha
  1821 | D:2      | Reached skill level 3 in Axes
  1821 | D:2      | Reached XP level 5. HP: 20/44 MP: 6/6
  1998 | D:2      | 1998 ||| DROPPING +0 short sword of venom.
  2010 | D:2      | 2010 ||| SWAPPING to +0 flail.
  2011 | D:2      | 2011 ||| DROPPING +0 spear of electrocution.
  2039 | D:2      | 2039 ||| Stepping ~*~*~tactically~*~*~ (stealth).
  2054 | D:2      | Found Moblas's Distillery.
  2059 | D:2      | 2059 ||| BUYING potion of curing (42 gold).
  2059 | D:2      | Bought a potion of curing for 42 gold pieces
  2059 | D:2      | 2059 ||| BUYING potion of curing (42 gold).
  2059 | D:2      | Bought a potion of curing for 42 gold pieces
  2059 | D:2      | 2059 ||| SHOPLISTING potion of resistance (140 gold, have
                  | 50).
  2076 | D:2      | 2076 ||| Stepping ~*~*~tactically~*~*~ (stealth).
  2098 | D:2      | Noticed Terence
  2110 | D:2      | Killed Terence
  2346 | D:2      | Identified the +0 dagger of Ascent {freeze, Int-3 Dex+4}
  2422 | D:2      | Found a runed translucent door.
  2423 | D:2      | Noticed Crazy Yiuf
  2558 | D:2      | 2558 ||| UPGRADING to +0 cloak.
  2563 | D:2      | 2563 ||| READING scroll labelled ETATYI ZYKIDGH.
  2564 | D:2      | 2564 ||| DRINKING 2 red potions.
  2565 | D:2      | 2565 ||| DROPPING potion of degeneration.
  2617 | D:3      | You fall into a shaft and drop 2 floors!
  2617 | D:5      | Entered Level 5 of the Dungeon
  2676 | D:4      | Reached skill level 1 in Armour
  2736 | D:4      | 2736 ||| Stepping ~*~*~tactically~*~*~ (stealth).
  2737 | D:4      | 2737 ||| Stepping ~*~*~tactically~*~*~ (stealth).
  2862 | D:4      | Reached XP level 6. HP: 50/50 MP: 7/7
  2880 | D:4      | 2880 ||| READING 2 scrolls of identify.
  2880 | D:4      | 2880 ||| IDENTIFYING fuming brown potion
  2881 | D:4      | 2881 ||| DROPPING potion of flight.
  3293 | D:3      | 3293 ||| READING scroll labelled CIOGEST WASIG.
  3294 | D:3      | 3294 ||| READING scroll labelled ZADDEUCRYN.
  3395 | D:3      | 3395 ||| READING 3 scrolls of identify.
  3395 | D:3      | 3395 ||| IDENTIFYING fuming ruby potion
  3396 | D:3      | 3396 ||| READING 2 scrolls of identify.
  3396 | D:3      | 3396 ||| IDENTIFYING white potion
  3397 | D:3      | 3397 ||| DROPPING potion of attraction.
  3439 | D:4      | Noticed Ijyb
  3473 | D:4      | Killed Ijyb
  3474 | D:4      | Reached skill level 4 in Axes
  3674 | D:4      | 3674 ||| Stepping ~*~*~tactically~*~*~ (outnumbered).
  3677 | D:4      | Reached skill level 3 in Fighting
  3694 | D:4      | Noticed an orc warrior
  3701 | D:4      | HP: 7/51 [orc warrior/+0 short sword (11)]
  3702 | D:4      | 3702 ||| DRINKING potion of heal wounds.
  3705 | D:4      | 3705 ||| Stepping ~*~*~tactically~*~*~ (outnumbered).
  3705 | D:4      | Shot with a bolt by an orc warrior

Levels and vault maps discovered:
D:1:      lemuel_arrival_lava_pool, layout_loops_ring,
          hellmonk_ecumenical_altar_crossroads, nrook_uturn
D:2:      layout_basic, serial_shops, shop, uniq_crazy_yiuf_cottage,
          uniq_terence, uniq_natasha
D:3:      layout_basic, minmay_liquid_box, item_on_display_a
D:4:      layout_loops_cross, corexii_checkpoint_a, uniq_ijyb
D:5:      layout_basic, nicolae_uskayaw_suspiria

Skill      XL: |  1  2  3  4  5  6 |
---------------+-------------------+-----
Axes           | 1 2 3 4 |  4.4
Fighting       | 1 2 3 |  3.2
Armour         | 1 |  1.9
Dodging        | |  1.7
Stealth        | |  2.1
Spellcasting   | |  1.7
Summonings     | |  3.6

Action                   |  1- 3 |  4- 6 || total
-------------------------+-------+-------++-------
Melee: Dagger            |    26 |       ||    26
       Spear             |    55 |    51 ||   106
       Punch             |       |     1 ||     1
       Flail             |       |   141 ||   141
 Cast: Summon Small Mamm |    16 |       ||    16
  Use: Scroll            |     4 |     8 ||    12
       Potion            |     1 |     2 ||     3
Armor: Robe              |    12 |       ||    12
       Scale mail        |    17 |    79 ||    96
Dodge: Dodged            |    38 |    71 ||   109

Table legend:
 A = Non-vault XP
 B = Vault XP
 C = Vault XP percentage of total XP
 D = Non-vault monster count
 E = Vault monster count
 F = Vault count percentage of total count
                 A         B        C        D         E       F
            +---------+---------+-------+---------+---------+-------
      Total |     391 |     109 |  21.8 |      50 |       3 |   5.7
            +---------+---------+-------+---------+---------+-------
        D:1 |      19 |       0 |   0.0 |      10 |       0 |   0.0
        D:2 |     130 |      73 |  36.0 |      21 |       2 |   8.7
        D:3 |      20 |       0 |   0.0 |      10 |       0 |   0.0
        D:4 |     222 |      36 |  14.0 |       9 |       1 |  10.0
            +---------+---------+-------+---------+---------+-------
